[Event "VII Cape Verde Championship 2023"]
[Site "Ponta do Sol"]
[Date "2023.12.03"]
[Round "1.1"]
[White "Rodriguez Guevara, Celia M."]
[Black "Alho, Diogo"]
[Result "0-1"]
[ECO "A80"]
[WhiteElo "1746"]
[BlackElo "2233"]
[Annotator "RC"]
[PlyCount "56"]
[EventDate "2023.11.30"]
[EventType "tourn"]
[EventCountry "KAP"]
[SourceTitle "playchess.com"]
[Source "ChessBase"]
[SourceQuality "1"]
[TimeControl "40/5400+30:1800+30"]

1. d4 f5 2. Bf4 Nf6 3. e3 e6 4. Be2 Be7 5. Nf3 b6 6. Ne5 O-O 7. O-O d6 8. Nf3 Bb7 9. Nbd2 h6 10. h3 Nbd7 11. Re1 Qe8 12. c3 g5 13. Bh2 g4 14. hxg4 Nxg4 15. Bg3 Qg6 16. Nf1 h5 17. N1h2 Nxe3 18. Qd2 Nxg2 19. Kxg2 h4 20. Rg1 f4 21. Bd3 Qg7 22. Kh1 fxg3 23. fxg3 Bxf3+ 24. Nxf3 Rxf3 25. Qg2 Raf8 26. Qe2 R8f6 27. Qe4 hxg3 28. Bf1 Qh8+ 0-1

[Event "VII Cape Verde Championship 2023"]
[Site "Ponta do Sol"]
[Date "2023.12.03"]
[Round "1.2"]
[White "Santos, Kelim Morais"]
[Black "Vaz, Jose Carlos"]
[Result "0-1"]
[ECO "B21"]
[WhiteElo "1436"]
[BlackElo "1833"]
[Annotator "NA COMBH"]
[PlyCount "76"]
[EventDate "2023.11.30"]
[EventType "tourn"]
[EventCountry "KAP"]
[SourceTitle "playchess.com"]
[Source "ChessBase"]
[SourceQuality "1"]
[TimeControl "40/5400+30:1800+30"]

1. e4 c5 2. d4 cxd4 3. Qxd4 Nc6 4. Qd1 Nf6 5. Nc3 g6 6. Nf3 d6 7. Bb5 a6 8. Bxc6+ bxc6 9. O-O Bg7 10. Re1 O-O 11. Bf4 Qb6 12. Na4 Qa5 13. c3 c5 14. e5 Nh5 15. Bd2 Bd7 16. b3 Bxa4 17. c4 Qc7 18. bxa4 dxe5 19. Rb1 Rfd8 20. Qc2 f5 21. Ng5 Rd6 22. Red1 h6 23. Nf3 e4 24. Nh4 Kh7 25. g3 Rad8 26. Ng2 Qd7 27. Ne3 Rxd2 28. Rxd2 Qxd2 29. Qb3 Rd3 30. Qd1 Qxa2 31. Qc2 Qxc2 32. Nxc2 f4 33. Ne1 Rc3 34. Kg2 f3+ 35. Kf1 Rxc4 36. Rb7 Bf6 37. Rc7 Rc1 38. Rc6 Bc3 0-1

[Event "VII Cape Verde Championship 2023"]
[Site "Ponta do Sol"]
[Date "2023.12.03"]
[Round "1.3"]
[White "Barros, Luis"]
[Black "Teixeira, Gil"]
[Result "1-0"]
[ECO "C01"]
[WhiteElo "1656"]
[BlackElo "1820"]
[Annotator "NA COMBH"]
[PlyCount "93"]
[EventDate "2023.11.30"]
[EventType "tourn"]
[EventCountry "KAP"]
[SourceTitle "playchess.com"]
[Source "ChessBase"]
[SourceQuality "1"]
[TimeControl "40/5400+30:1800+30"]

1. e4 e6 2. d4 Ne7 3. Nc3 Ng6 4. Nf3 Be7 5. Bd3 d6 6. Be3 Nd7 7. Qd2 a6 8. e5 O-O 9. h4 Re8 10. h5 Ngf8 11. g4 f6 12. g5 fxe5 13. d5 exd5 14. Nxd5 Nb6 15. Nxb6 cxb6 16. Rg1 d5 17. Nxe5 Bd6 18. f4 Bxe5 19. fxe5 Rxe5 20. O-O-O Ne6 21. Rdf1 Bd7 22. h6 g6 23. Bf4 Nxf4 24. Qxf4 Qe7 25. Qd4 Re8 26. b3 Rxg5 27. Kb1 Rxg1 28. Rxg1 Qe5 29. Qf2 Qe3 30. Qh2 Qe5 31. Qf2 b5 32. Rf1 Qe7 33. Qb6 Bc6 34. Qd4 Rf8 35. Rg1 Qf6 36. Qg4 Qd6 37. Qd4 Qe7 38. Bxg6 Qf6 39. Qd3 Kh8 40. Bxh7 Qxh6 41. Bg6 Qh4 42. Qe3 d4 43. Qe5+ Rf6 44. Qb8+ Kg7 45. Bh5+ Rg6 46. Rxg6+ Kh7 47. Qg8# 1-0

[Event "VII Cape Verde Championship 2023"]
[Site "Ponta do Sol"]
[Date "2023.12.03"]
[Round "1.4"]
[White "Mirulla, David"]
[Black "Monteiro, Antonio David Cabral"]
[Result "1/2-1/2"]
[ECO "B13"]
[WhiteElo "1929"]
[BlackElo "1801"]
[Annotator "NA RC"]
[PlyCount "67"]
[EventDate "2023.11.30"]
[EventType "tourn"]
[EventCountry "KAP"]
[SourceTitle "playchess.com"]
[Source "ChessBase"]
[SourceQuality "1"]
[TimeControl "40/5400+30:1800+30"]

1. e4 c6 2. d4 d5 3. exd5 cxd5 4. Bd3 Nc6 5. c3 Nf6 6. Bf4 Bg4 7. Qb3 Qd7 8. Nd2 e6 9. Ngf3 Bxf3 10. Nxf3 Bd6 11. Bxd6 Qxd6 12. O-O O-O 13. Rae1 Rfc8 14. Ne5 Rc7 15. f4 g6 16. Qd1 a6 17. Re3 Kg7 18. Qe1 Ne7 19. g4 b5 20. Qh4 b4 21. g5 Nh5 22. f5 exf5 23. Bxf5 Nxf5 24. Rxf5 gxf5 25. Qxh5 bxc3 26. bxc3 Rb8 27. Rh3 Rh8 28. Qf3 Qa3 29. Qxf5 Qc1+ 30. Kg2 Qd2+ 31. Kf1 Qd1+ 32. Kf2 Qd2+ 33. Kf1 Qd1+ 34. Kf2 1/2-1/2

[Event "VII Cape Verde Championship 2023"]
[Site "Ponta do Sol"]
[Date "2023.12.03"]
[Round "1.5"]
[White "Ortega Amarelle, Mariano"]
[Black "Silva, Bryan Jorge"]
[Result "1-0"]
[ECO "B50"]
[WhiteElo "2478"]
[BlackElo "1586"]
[Annotator "RC"]
[PlyCount "61"]
[EventDate "2023.11.30"]
[EventType "tourn"]
[EventCountry "KAP"]
[SourceTitle "playchess.com"]
[Source "ChessBase"]
[SourceQuality "1"]
[TimeControl "40/5400+30:1800+30"]

1. e4 c5 2. Nf3 d6 3. c3 Nf6 4. Be2 e6 5. O-O Be7 6. Re1 O-O 7. Bf1 e5 8. d4 cxd4 9. cxd4 exd4 10. Nxd4 Nc6 11. Nc3 Qb6 12. Nb3 Be6 13. Be3 Qd8 14. Nd4 Bd7 15. h3 a6 16. Rc1 Rc8 17. f4 Be6 18. Nxe6 fxe6 19. Qb3 Qd7 20. f5 Nd8 21. Bc4 d5 22. fxe6 Qxe6 23. Nxd5 Kh8 24. Nb6 Rxc4 25. Qxc4 Qxe4 26. Qxe4 Nxe4 27. Nd7 Rf7 28. Bb6 Nf6 29. Nxf6 gxf6 30. Bxd8 Bxd8 31. Re8+ 1-0

[Event "VII Cape Verde Championship 2023"]
[Site "Ponta do Sol"]
[Date "2023.12.04"]
[Round "2.1"]
[White "Alho, Diogo"]
[Black "Silva, Bryan Jorge"]
[Result "1-0"]
[ECO "A45"]
[WhiteElo "2233"]
[BlackElo "1586"]
[Annotator "ChessBase"]
[PlyCount "73"]
[EventDate "2023.11.30"]
[EventType "tourn"]
[EventCountry "KAP"]
[SourceTitle "playchess.com"]
[Source "ChessBase"]
[SourceQuality "1"]
[TimeControl "40/5400+30:1800+30"]

1. d4 e6 2. g3 Nf6 3. Bg2 g6 4. e4 d6 5. Nc3 Nbd7 6. Bg5 Bg7 7. h3 h6 8. Be3 c6 9. a4 a5 10. Qd2 Nb6 11. b3 Nbd7 12. Rd1 O-O 13. Bxh6 Qb6 14. Nge2 e5 15. d5 cxd5 16. Bxg7 Kxg7 17. Nxd5 Qc5 18. Ne3 Ra6 19. Nc4 Ne8 20. Nc3 Nb6 21. Ne3 Be6 22. Bf1 Ra8 23. Nb5 Rd8 24. Qxa5 Ra8 25. Qc3 Qxc3+ 26. Nxc3 f5 27. exf5 Bxf5 28. Bg2 Rc8 29. Ne4 d5 30. Nxd5 Nxd5 31. Rxd5 Rxc2 32. O-O Bxe4 33. Bxe4 Rb2 34. Rd7+ Rf7 35. Rxf7+ Kxf7 36. Bxb7 Rxb3 37. Bd5+ 1-0

[Event "VII Cape Verde Championship 2023"]
[Site "Ponta do Sol"]
[Date "2023.12.04"]
[Round "2.2"]
[White "Monteiro, Antonio David Cabral"]
[Black "Ortega Amarelle, Mariano"]
[Result "0-1"]
[ECO "A43"]
[WhiteElo "1801"]
[BlackElo "2478"]
[Annotator "RC"]
[PlyCount "98"]
[EventDate "2023.11.30"]
[EventType "tourn"]
[EventCountry "KAP"]
[SourceTitle "playchess.com"]
[Source "ChessBase"]
[SourceQuality "1"]
[TimeControl "40/5400+30:1800+30"]

1. d4 c5 2. Nf3 cxd4 3. Nxd4 d5 4. Bf4 f6 5. e3 e5 6. Bxe5 fxe5 7. Qh5+ Ke7 8. Qxe5+ Kf7 9. Nc3 Nf6 10. Bd3 Nc6 11. Nxc6 bxc6 12. e4 Bd6 13. Qg5 h6 14. Qd2 Qc7 15. g3 dxe4 16. Bc4+ Kg6 17. O-O-O Bb4 18. Qe3 Qb6 19. Qxb6 axb6 20. Nxe4 Nxe4 21. Bd3 Rxa2 22. c3 Ra1+ 23. Kc2 Rxd1 24. Rxd1 Be7 25. Bxe4+ Bf5 26. Bxf5+ Kxf5 27. Rd7 Ke6 28. Rb7 b5 29. f4 Ra8 30. h3 Ra1 31. f5+ Kd6 32. c4 bxc4 33. Kc3 Rc1+ 34. Kd2 Rg1 35. Kc3 Rxg3+ 36. Kxc4 Rxh3 37. b4 Bf6 38. b5 cxb5+ 39. Rxb5 Rc3+ 40. Kb4 h5 41. Rb6+ Rc6 42. Rb5 h4 43. Rb8 Ke5 44. Rb5+ Kf4 45. Rd5 Rc1 46. Kb3 h3 47. Rd2 Kxf5 48. Rh2 Kg4 49. Kb4 Kg3 0-1

[Event "VII Cape Verde Championship 2023"]
[Site "Ponta do Sol"]
[Date "2023.12.04"]
[Round "2.3"]
[White "Teixeira, Gil"]
[Black "Mirulla, David"]
[Result "0-1"]
[ECO "A02"]
[WhiteElo "1820"]
[BlackElo "1929"]
[Annotator "NA RC"]
[PlyCount "74"]
[EventDate "2023.11.30"]
[EventType "tourn"]
[EventCountry "KAP"]
[SourceTitle "playchess.com"]
[Source "ChessBase"]
[SourceQuality "1"]
[TimeControl "40/5400+30:1800+30"]

1. f4 e5 2. fxe5 d6 3. Nf3 dxe5 4. d3 Bc5 5. e3 Nc6 6. Be2 Nf6 7. O-O Ng4 8. d4 exd4 9. Nxd4 Nxe3 10. Bxe3 Bxd4 11. Bxd4 Qxd4+ 12. Qxd4 Nxd4 13. Bd3 O-O 14. Nc3 Be6 15. Rf4 Rad8 16. Raf1 f5 17. Re1 Rfe8 18. b3 g5 19. Rff1 Kg7 20. Re3 h6 21. Nb5 Nxb5 22. Bxb5 c6 23. Bd3 f4 24. Re5 Kf6 25. Ree1 Bf5 26. Rxe8 Rxe8 27. Bxf5 Kxf5 28. Kf2 Re3 29. Rd1 Rc3 30. Rd2 h5 31. Ke2 g4 32. Kd1 h4 33. Rd7 h3 34. gxh3 Rxh3 35. Rxb7 Rxh2 36. Kc1 g3 37. Rg7 g2 0-1

[Event "VII Cape Verde Championship 2023"]
[Site "Ponta do Sol"]
[Date "2023.12.04"]
[Round "2.4"]
[White "Vaz, Jose Carlos"]
[Black "Barros, Luis"]
[Result "0-1"]
[ECO "B51"]
[WhiteElo "1833"]
[BlackElo "1656"]
[Annotator "NA"]
[PlyCount "106"]
[EventDate "2023.11.30"]
[EventType "tourn"]
[EventCountry "KAP"]
[SourceTitle "playchess.com"]
[Source "ChessBase"]
[SourceQuality "1"]
[TimeControl "40/5400+30:1800+30"]

1. e4 c5 2. Nf3 d6 3. Bb5+ Nc6 4. Bxc6+ bxc6 5. c4 Be6 6. d3 g6 7. Ng5 Bg7 8. Nxe6 fxe6 9. Qf3 Qd7 10. O-O Nf6 11. e5 dxe5 12. Nc3 O-O 13. Qe2 Qd6 14. Be3 e4 15. dxe4 Qe5 16. f4 Qh5 17. Qxh5 Nxh5 18. e5 Bh6 19. g3 Rab8 20. b3 Rb7 21. Rad1 Ng7 22. g4 Ne8 23. g5 Bg7 24. Bxc5 Bh8 25. Rd4 Ng7 26. Rfd1 Nf5 27. Rd7 Rxd7 28. Rxd7 h6 29. Ne4 Bg7 30. Bxa7 Nh4 31. Be3 Nf3+ 32. Kf2 Nxe5 33. Rxe7 Nd3+ 34. Kg3 e5 35. Nf6+ Bxf6 36. gxf6 exf4+ 37. Bxf4 g5 38. f7+ Rxf7 39. Rxf7 Kxf7 40. Bd2 Kg6 41. b4 Nb2 42. c5 h5 43. b5 cxb5 44. c6 Nc4 45. c7 Nd6 46. Bb4 Nc8 47. Kf3 Kf5 48. Ke3 Ke5 49. Kd3 Kd5 50. Bd2 g4 51. Kc3 h4 52. Bf4 Ke4 53. Bd2 g3 0-1

[Event "VII Cape Verde Championship 2023"]
[Site "Ponta do Sol"]
[Date "2023.12.04"]
[Round "2.5"]
[White "Rodriguez Guevara, Celia M."]
[Black "Santos, Kelim Morais"]
[Result "1-0"]
[ECO "D02"]
[WhiteElo "1746"]
[BlackElo "1436"]
[Annotator "NA"]
[PlyCount "47"]
[EventDate "2023.11.30"]
[EventType "tourn"]
[EventCountry "KAP"]
[SourceTitle "playchess.com"]
[Source "ChessBase"]
[SourceQuality "1"]
[TimeControl "40/5400+30:1800+30"]

1. d4 g6 2. Nf3 d5 3. Bf4 Nc6 4. e3 Bg7 5. Be2 Bg4 6. Nc3 e6 7. h3 Bxf3 8. Bxf3 Nge7 9. Qd2 Qd7 10. O-O-O O-O 11. g4 Rad8 12. h4 e5 13. dxe5 Nxe5 14. Bg2 Nc4 15. Qd3 c6 16. Bh3 f5 17. Rdg1 Ne5 18. Qe2 d4 19. exd4 Qxd4 20. Bg5 Qc5 21. gxf5 Rde8 22. f6 Bxf6 23. Bxf6 Rxf6 24. Ne4 1-0

[Event "VII Cape Verde Championship 2023"]
[Site "Ponta do Sol"]
[Date "2023.12.05"]
[Round "3.1"]
[White "Santos, Kelim Morais"]
[Black "Alho, Diogo"]
[Result "0-1"]
[ECO "A32"]
[WhiteElo "1436"]
[BlackElo "2233"]
[Annotator "RC"]
[PlyCount "56"]
[EventDate "2023.11.30"]
[EventType "tourn"]
[EventCountry "KAP"]
[SourceTitle "playchess.com"]
[Source "ChessBase"]
[SourceQuality "1"]
[TimeControl "40/5400+30:1800+30"]

1. c4 e6 2. d4 Nf6 3. Nc3 c5 4. Nf3 cxd4 5. Nxd4 a6 6. a4 Bb4 7. Bd2 Nc6 8. e3 O-O 9. Nxc6 bxc6 10. Nb1 Rb8 11. Bd3 d5 12. Bxb4 Rxb4 13. b3 Qb6 14. O-O Rxb3 15. Re1 Rd8 16. Ra3 dxc4 17. Rxb3 cxb3 18. Qe2 Qb4 19. Kf1 a5 20. Rd1 Bd7 21. Nd2 c5 22. Nc4 Bxa4 23. Nb2 g6 24. Qe1 Bc6 25. Qxb4 cxb4 26. f3 a4 27. Ke2 Nd5 28. Kf2 Nc3 0-1

[Event "VII Cape Verde Championship 2023"]
[Site "Ponta do Sol"]
[Date "2023.12.05"]
[Round "3.2"]
[White "Barros, Luis"]
[Black "Rodriguez Guevara, Celia M."]
[Result "0-1"]
[ECO "B12"]
[WhiteElo "1656"]
[BlackElo "1746"]
[Annotator "NA RC"]
[PlyCount "120"]
[EventDate "2023.11.30"]
[EventType "tourn"]
[EventCountry "KAP"]
[SourceTitle "playchess.com"]
[Source "ChessBase"]
[SourceQuality "1"]
[TimeControl "40/5400+30:1800+30"]

1. e4 c6 2. d4 d5 3. e5 Bf5 4. Bd3 Bxd3 5. Qxd3 e6 6. Nf3 Ne7 7. Nbd2 Nd7 8. c4 b6 9. b4 c5 10. cxd5 Nxd5 11. bxc5 bxc5 12. Ba3 Qa5 13. O-O cxd4 14. Bxf8 Kxf8 15. Nc4 Qc3 16. Qxd4 Qxd4 17. Nxd4 N5b6 18. Nxb6 axb6 19. f4 g6 20. Rfc1 Nc5 21. Rab1 Ra6 22. Rc2 Kg7 23. Rcb2 Rd8 24. Nc6 Rc8 25. Nd4 Ra4 26. Rd2 Ne4 27. Rd3 Rxa2 28. Re1 Nc5 29. Rc3 Rd8 30. Rd1 Ra4 31. Rxc5 Rdxd4 32. Rxd4 Rxd4 33. Rb5 Rxf4 34. Rxb6 g5 35. g3 Re4 36. Rb5 Kg6 37. Kf2 g4 38. Rc5 Rd4 39. Rc2 Re4 40. Rc5 h5 41. Rb5 Kf5 42. Rb7 Kg6 43. Rb5 Ra4 44. Rb2 Kf5 45. Kg2 Kxe5 46. Rb5+ Ke4 47. Rxh5 Ra2+ 48. Kf1 f5 49. Rh4 Kf3 50. Ke1 Ra8 51. Rh6 Re8 52. Kd2 e5 53. Rf6 f4 54. Rc6 e4 55. Rf6 e3+ 56. Ke1 Re4 57. gxf4 Ra4 58. Rd6 Ra1+ 59. Rd1 Rxd1+ 60. Kxd1 Kf2 0-1

[Event "VII Cape Verde Championship 2023"]
[Site "Ponta do Sol"]
[Date "2023.12.05"]
[Round "3.3"]
[White "Mirulla, David"]
[Black "Vaz, Jose Carlos"]
[Result "1-0"]
[ECO "B28"]
[WhiteElo "1929"]
[BlackElo "1833"]
[Annotator "RC"]
[PlyCount "129"]
[EventDate "2023.11.30"]
[EventType "tourn"]
[EventCountry "KAP"]
[SourceTitle "playchess.com"]
[Source "ChessBase"]
[SourceQuality "1"]
[TimeControl "40/5400+30:1800+30"]

1. e4 c5 2. Nf3 Nc6 3. d4 cxd4 4. Nxd4 a6 5. c4 g6 6. Nxc6 bxc6 7. Qd4 Nf6 8. e5 Nh5 9. c5 e6 10. g4 Ng7 11. Bd3 Qa5+ 12. b4 Qd8 13. a4 Be7 14. Nc3 f5 15. gxf5 exf5 16. Bc4 Ne6 17. Bxe6 dxe6 18. Qxd8+ Kxd8 19. Ba3 Kc7 20. a5 Bb7 21. Rd1 Rad8 22. Ke2 g5 23. Bc1 Bc8 24. Rxd8 Rxd8 25. Rd1 Rg8 26. Na4 Bd7 27. Nb6 Be8 28. Kf1 f4 29. f3 h5 30. Kf2 Rf8 31. Rd4 Rf5 32. Nc4 Bd7 33. h3 Bf8 34. Re4 Be7 35. h4 g4 36. Rxf4 Bxh4+ 37. Kg2 Rxf4 38. Bxf4 Be8 39. fxg4 hxg4 40. Bh6 Bg6 41. Bd2 Be4+ 42. Kg1 Bg3 43. Bc3 Bf4 44. Nd6 Bg6 45. Kg2 Kd7 46. Nc4 Be4+ 47. Kg1 g3 48. Bd2 Bxd2 49. Nxd2 Bd5 50. Nf1 Ke7 51. Nxg3 Kf7 52. Kf2 Kg6 53. Ke3 Kg5 54. Kd4 Bf3 55. Nf1 Kf4 56. Ne3 Be2 57. Nc2 Bf3 58. Na3 Be2 59. Nb1 Bf3 60. Nc3 Bg2 61. Na4 Bf1 62. Nb6 Kf5 63. Nc8 Kf4 64. Nd6 Be2 65. b5 1-0

[Event "VII Cape Verde Championship 2023"]
[Site "Ponta do Sol"]
[Date "2023.12.05"]
[Round "3.4"]
[White "Ortega Amarelle, Mariano"]
[Black "Teixeira, Gil"]
[Result "1-0"]
[ECO "B07"]
[WhiteElo "2478"]
[BlackElo "1820"]
[Annotator "RC"]
[PlyCount "107"]
[EventDate "2023.11.30"]
[EventType "tourn"]
[EventCountry "KAP"]
[SourceTitle "playchess.com"]
[Source "ChessBase"]
[SourceQuality "1"]
[TimeControl "40/5400+30:1800+30"]

1. e4 d6 2. d4 Nf6 3. Nc3 e6 4. f4 Nbd7 5. Nf3 Be7 6. Bd3 c5 7. e5 dxe5 8. dxe5 Nd5 9. Nxd5 exd5 10. c3 a6 11. O-O Nb6 12. f5 Bd7 13. Qe1 f6 14. exf6 gxf6 15. Bh6 Rg8 16. Ng5 Qc7 17. Ne6 Qc6 18. Ng7+ Kd8 19. Ne6+ Bxe6 20. Qxe6 Qxe6 21. fxe6 Kc7 22. Bxh7 Rh8 23. Bf4+ Kc6 24. Bc2 Nc4 25. b3 Ne5 26. c4 d4 27. Be4+ Kc7 28. Rae1 Bd6 29. Bf5 Rag8 30. Bg3 Kd8 31. Be4 Ke7 32. Bxb7 Rxg3 33. hxg3 Ng4 34. Re4 Ne3 35. Rf3 Be5 36. Bd5 Kd6 37. Rh4 Rxh4 38. gxh4 f5 39. g3 a5 40. h5 Bg7 41. Kf2 Bh6 42. Ke2 Bg5 43. Kd3 Ke7 44. Rf2 Bh6 45. a3 Kd6 46. b4 axb4 47. axb4 Bg5 48. bxc5+ Kxc5 49. h6 Kd6 50. h7 Bf6 51. Ra2 Ng4 52. Ra6+ Ke5 53. e7 Nf2+ 54. Ke2 1-0

[Event "VII Cape Verde Championship 2023"]
[Site "Ponta do Sol"]
[Date "2023.12.05"]
[Round "3.5"]
[White "Silva, Bryan Jorge"]
[Black "Monteiro, Antonio David Cabral"]
[Result "0-1"]
[ECO "C00"]
[WhiteElo "1586"]
[BlackElo "1801"]
[Annotator "NA RC"]
[PlyCount "126"]
[EventDate "2023.11.30"]
[EventType "tourn"]
[EventCountry "KAP"]
[SourceTitle "playchess.com"]
[Source "ChessBase"]
[SourceQuality "1"]
[TimeControl "40/5400+30:1800+30"]

1. e4 e6 2. d3 d5 3. Nd2 Nf6 4. e5 Nfd7 5. d4 c5 6. c3 Nc6 7. Ngf3 Qb6 8. Nb3 c4 9. Nbd2 Be7 10. g3 O-O 11. Bg2 f6 (11... Qc7 $11) 12. exf6 Bxf6 13. O-O Qd8 14. Qe2 e5 15. dxe5 Ndxe5 16. Nxe5 Nxe5 17. Nf3 $1 Bg4 18. Qe3 (18. h3 $1 $11 {keeps the balance.} Nxf3+ 19. Bxf3 Bxf3 20. Qxf3) 18... Nxf3+ 19. Bxf3 d4 20. Qe4 Bxf3 21. Qxf3 Qd7 ({Black should try} 21... d3 $17 22. Be3 Qd7) 22. Bd2 ({White should play} 22. cxd4 $1 $15 Rad8 23. Be3) 22... d3 23. Qe4 b5 24. Rfe1 Rae8 25. Qg2 Rxe1+ 26. Rxe1 Re8 27. Rxe8+ Qxe8 28. Qf3 h6 29. Qe3 Qxe3 30. Bxe3 b4 31. Bd2 bxc3 32. bxc3 Kf7 33. Kg2 Ke6 34. f4 h5 35. h4 Kd5 36. Kf3 Be7 37. a4 Ba3 38. Ke3 g6 39. Kf3 $19 Ke6 (39... Bc5 $142 40. Bc1 Kc6) 40. g4 $2 (40. Ke4) 40... hxg4+ 41. Kxg4 Kf6 42. Be3 Bb2 43. Bd2 a6 44. f5 gxf5+ 45. Kf4 Ba3 46. h5 Bd6+ 47. Kf3 Bf8 48. Bf4 Bc5 49. Bd2 Bd6 50. Be3 Be5 51. Bd2 Ke6 (51... a5 $142 52. Bh6 Bxc3) 52. h6 Kf6 53. Ke3 Kg6 54. Kf3 Bd6 55. Ke3 Bf8 ({Inferior is} 55... Kxh6 56. Kd4+ f4 57. Kxc4 $11) 56. Kd4 Bxh6 57. Kxc4 Bxd2 58. Kxd3 Be1 59. c4 f4 60. c5 Kf6 61. Ke4 Bd2 62. Kd3 Be3 63. c6 Ke6 0-1

[Event "VII Cape Verde Championship 2023"]
[Site "Ponta do Sol"]
[Date "2023.12.06"]
[Round "4.1"]
[White "Alho, Diogo"]
[Black "Monteiro, Antonio David Cabral"]
[Result "1-0"]
[ECO "A49"]
[WhiteElo "2233"]
[BlackElo "1801"]
[Annotator "RC"]
[PlyCount "63"]
[EventDate "2023.11.30"]
[EventType "tourn"]
[EventCountry "KAP"]
[SourceTitle "playchess.com"]
[Source "ChessBase"]
[SourceQuality "1"]
[TimeControl "40/5400+30:1800+30"]

1. Nf3 Nf6 2. g3 d6 3. Bg2 g6 4. O-O Bg7 5. d4 O-O 6. a4 Nbd7 7. a5 e5 8. a6 e4 9. Ng5 d5 10. c4 h6 11. Nh3 c6 12. axb7 Bxb7 13. Nc3 g5 14. c5 Qe7 15. b4 Ng4 16. e3 f5 17. b5 Qf6 18. Ra3 h5 19. f3 exf3 20. Bxf3 Nxh2 21. Kxh2 g4 22. bxc6 Bxc6 23. Bxd5+ Bxd5 24. Nxd5 Qd8 25. Nhf4 h4 26. Ne6 hxg3+ 27. Kg2 Qe8 28. Ndc7 Qe7 29. Qb3 Rab8 30. Qd5 Rf7 31. e4 fxe4 32. Ng5 1-0

[Event "VII Cape Verde Championship 2023"]
[Site "Ponta do Sol"]
[Date "2023.12.05"]
[Round "4.2"]
[White "Teixeira, Gil"]
[Black "Silva, Bryan Jorge"]
[Result "1-0"]
[ECO "B50"]
[WhiteElo "1820"]
[BlackElo "1586"]
[Annotator "NA RC"]
[PlyCount "91"]
[EventDate "2023.11.30"]
[EventType "tourn"]
[EventCountry "KAP"]
[SourceTitle "playchess.com"]
[Source "ChessBase"]
[SourceQuality "1"]
[TimeControl "40/5400+30:1800+30"]

1. e4 c5 2. Bc4 d6 3. Nf3 Nf6 4. d3 a6 5. a3 e6 6. Nc3 Be7 7. Ba2 Nbd7 8. Bf4 b5 9. O-O O-O 10. h3 Bb7 11. Rb1 Rc8 12. Qe2 Re8 13. Bg3 h6 14. Nh2 Nb8 15. f4 Nc6 16. Nf3 Bf8 17. Bh4 e5 18. Nd5 Be7 19. Nxe7+ Qxe7 20. fxe5 dxe5 21. Nh2 Nd4 22. Qd1 c4 23. Ng4 Kf8 24. Bxf6 gxf6 25. Nxf6 Qc5 26. Kh1 Red8 27. Qh5 Ke7 28. Qh4 Kd6 29. Nh7 Rd7 30. Qxh6+ Kc7 31. Nf6 Re7 32. Qe3 Qd6 33. dxc4 Qe6 34. Nd5+ Bxd5 35. cxd5 Qg6 36. c3 Rg8 37. Rf2 Kb7 38. cxd4 exd4 39. Qxd4 Rxe4 $18 40. Qf6 Qg3 41. Qxf7+ Ka8 42. Qf3 Qg6 43. d6 Rge8 44. Bd5+ Kb8 45. Bxe4 Rxe4 46. Rd1 1-0

[Event "VII Cape Verde Championship 2023"]
[Site "Ponta do Sol"]
[Date "2023.12.06"]
[Round "4.3"]
[White "Vaz, Jose Carlos"]
[Black "Ortega Amarelle, Mariano"]
[Result "0-1"]
[ECO "B22"]
[WhiteElo "1833"]
[BlackElo "2478"]
[Annotator "RC"]
[PlyCount "81"]
[EventDate "2023.11.30"]
[EventType "tourn"]
[EventCountry "KAP"]
[SourceTitle "playchess.com"]
[Source "ChessBase"]
[SourceQuality "1"]
[TimeControl "40/5400+30:1800+30"]

1. e4 c5 2. Nf3 e6 3. c3 Nf6 4. e5 Nd5 5. d4 cxd4 6. cxd4 d6 7. Bd3 Bd7 8. O-O Bc6 9. Ng5 dxe5 10. dxe5 Nb4 11. Bxh7 Qxd1 12. Rxd1 Nd7 13. a3 Nd5 14. f4 Bc5+ 15. Kh1 g6 16. Bxg6 fxg6 17. Nxe6 Ke7 18. Nxc5 Nxc5 19. Nc3 Nxc3 20. bxc3 Rh3 21. Kg1 Rxc3 22. Bd2 Rc2 23. Rac1 Rxc1 24. Rxc1 Ne4 25. Bb4+ Ke6 26. Rd1 Kf5 27. g3 g5 28. fxg5 Nxg5 29. Bd6 Nf3+ 30. Kf2 Nxh2 31. Ke3 Re8 32. Kd3 Nf3 33. Kc3 Nxe5 34. Bc5 a6 35. Rd4 Be4 36. Bd6 Rc8+ 37. Kb3 Rc1 38. Bxe5 Kxe5 39. Rd7 Bd5+ 40. Kb2 Rg1 41. Rg7 0-1

[Event "VII Cape Verde Championship 2023"]
[Site "Ponta do Sol"]
[Date "2023.12.06"]
[Round "4.4"]
[White "Rodriguez Guevara, Celia M."]
[Black "Mirulla, David"]
[Result "1/2-1/2"]
[ECO "C50"]
[WhiteElo "1746"]
[BlackElo "1929"]
[Annotator "RC"]
[PlyCount "89"]
[EventDate "2023.11.30"]
[EventType "tourn"]
[EventCountry "KAP"]
[SourceTitle "playchess.com"]
[Source "ChessBase"]
[SourceQuality "1"]
[TimeControl "40/5400+30:1800+30"]

1. e4 e5 2. Nf3 Nc6 3. Bc4 Bc5 4. O-O Nf6 5. d4 Bxd4 6. Nxd4 Nxd4 7. f4 d6 8. fxe5 dxe5 9. Bg5 Be6 10. Bxe6 Nxe6 11. Bxf6 Qxd1 12. Rxd1 gxf6 13. Nc3 c6 14. Ne2 Rg8 15. Kf2 Rd8 16. Ng3 Nf4 17. Kf3 h5 18. Rxd8+ Kxd8 19. Rd1+ Kc7 20. Rd2 Rd8 21. Rxd8 Kxd8 22. Nf5 Kd7 23. Ng7 h4 24. Nf5 h3 25. g3 Ne6 26. g4 Ng5+ 27. Kg3 Kc7 28. Nh6 Kd6 29. Ng8 Ke6 30. Nh6 b6 31. Nf5 a5 32. Kh4 b5 33. Ng3 a4 34. a3 c5 35. Kh5 b4 36. Kh6 bxa3 37. bxa3 Nf3 38. Nf1 c4 39. c3 Ke7 40. Kg7 Ng5 41. Ng3 Ne6+ 42. Kh6 Ng5 43. Kg7 Ne6+ 44. Kh6 Ng5 45. Kg7 1/2-1/2

[Event "VII Cape Verde Championship 2023"]
[Site "Ponta do Sol"]
[Date "2023.12.06"]
[Round "4.5"]
[White "Santos, Kelim Morais"]
[Black "Barros, Luis"]
[Result "0-1"]
[ECO "B21"]
[WhiteElo "1436"]
[BlackElo "1656"]
[Annotator "NA RC"]
[PlyCount "128"]
[EventDate "2023.11.30"]
[EventType "tourn"]
[EventCountry "KAP"]
[SourceTitle "playchess.com"]
[Source "ChessBase"]
[SourceQuality "1"]
[TimeControl "40/5400+30:1800+30"]

1. e4 c5 2. d4 cxd4 3. Qxd4 Nc6 4. Qd1 Nf6 5. Nc3 g6 6. Nf3 d6 7. Bb5 a6 8. Bxc6+ bxc6 9. e5 Nd7 10. Bf4 d5 11. O-O Bg7 12. Re1 O-O 13. Qd2 e6 14. b4 Nb6 15. Bg5 f6 16. Bxf6 Bxf6 17. exf6 Qxf6 18. Qd4 Nc4 19. Qxf6 Rxf6 20. Nd4 Bd7 21. Na4 e5 22. Nc5 Bg4 23. f3 Bc8 24. Ndb3 d4 25. Nd3 Ne3 26. Rac1 Bf5 27. Nbc5 a5 28. a3 axb4 29. Nxb4 Rxa3 30. Ne4 Bxe4 31. fxe4 Rc3 32. Nd3 Re6 33. Re2 c5 34. Rf2 Ng4 35. Rf3 Nf6 36. Nf2 Rc4 37. c3 Rd6 38. Rd3 Nh5 39. g3 Nf6 40. h3 h5 41. Kg2 Rb6 42. Rf3 Kg7 43. h4 Rb2 44. Kg1 Rb3 45. Ra1 Rb7 46. cxd4 Rxd4 47. Rd3 c4 48. Rc3 Nxe4 49. Nxe4 Rxe4 50. Kf2 Rf7+ 51. Rf3 Rxf3+ 52. Kxf3 Rd4 53. Ra7+ Kf6 54. Rc7 Rd3+ 55. Ke4 Rd4+ 56. Ke3 Rg4 57. Kf3 Ke6 58. Rc8 Kd5 59. Rd8+ Kc5 60. Rc8+ Kd4 61. Rd8+ Kc3 62. Rd7 Rd4 63. Ra7 Kd3 64. Re7 e4+ 0-1